 Dungeon Sprint DCSS version 0.26-a0-707-g31817bcca1 (webtiles) character file.

Game seed: 9023429237332354599

7823 jfcaron the Tortoise (level 11, 0/174 HPs)
             Began as a Minotaur Fighter on Oct 27, 2020.
             Was a Believer of Ru.
             Killed by vampiric draining
             ... invoked by Josephine
              (13 damage)
             ... in the Dungeon (Sprint VII: "The Pits").
             The game lasted 00:07:48 (2040 turns).

jfcaron the Tortoise (Minotaur Fighter)             Turns: 2040, Time: 00:07:49

Health: 0/174      AC: 16    Str: 23    XL:     11   Next: 1%
Magic:  10/10      EV:  8    Int:  5    God:    Ru [**....]
Gold:   0          SH: 13    Dex: 11    Spells: 10/10 levels left

rFire    . . .     SeeInvis .   k - +2 trident (vorpal)
rCold    . . .     Faith    .   c - +0 kite shield
rNeg     . . .     Spirit   .   l - +3 chain mail
rPois    .         Reflect  .   (helmet restricted)
rElec    .         Harm     .   (no cloak)
rCorr    .         Rampage  .   (no gloves)
MR       .....     NoTele   +   (no boots)
Stlth    ..........             (no amulet)
HPRegen  0.39/turn              (no ring)
MPRegen  0.12/turn              (no ring)

@: mighty, berserking, flayed, no scrolls, slowed, lightly drained
A: retaliatory headbutt, horns 2, inability to read while threatened, no hexes
magic, no ice magic, no summoning magic
a: Renounce Religion


You were in the Dungeon.
You worshipped Ru.
Ru was pleased with you.
You visited 1 branch

Inventory:

Hand Weapons
 k - a +2 vorpal trident (weapon)
Missiles
 a - 22 sling bullets
 n - 13 stones (quivered)
 s - 45 arrows
 t - 16 bolts
Armour
 c - a +0 kite shield (worn)
 l - a +3 chain mail (worn)
Wands
 b - a wand of flame (21)
Scrolls
 j - a scroll of blinking
 o - 3 scrolls of remove curse
 p - 5 scrolls of amnesia
 q - a scroll of summoning
 r - 2 scrolls of vulnerability
Potions
 e - 5 potions of curing
 f - 4 potions of heal wounds
 g - a potion of haste
 h - 4 potions of magic
 m - 2 potions of invisibility


   Skills:
 + Level 16.7(16.0) Fighting
 - Level 14.0(13.3) Polearms
 + Level 16.7(16.0) Armour
 - Level 15.0(14.3) Shields


You had 10 spell levels left.
You didn't know any spells.
Your spell library was empty.

Dungeon Overview and Level Annotations

Branches:
Dungeon (1/1)

Altars:
Ashenzari
Cheibriados
Dithmenos
Elyvilon
Fedhas
Gozag
Hepliaklqana
Kikubaaqudgha
Makhleb
Nemelex Xobeh
Okawaru
Qazlal
Ru
Sif Muna
Trog
Uskayaw
Vehumet
Wu Jian
Xom
Yredelemnul
Zin
The Shining One
Beogh
Jiyva
Lugonu

Annotations:
D Josephine


Innate Abilities, Weirdness & Mutations

You reflexively headbutt those who attack you in melee.
You have a pair of horns on your head.
You cannot read scrolls while threatened.
You cannot study or cast Hexes magic.
You cannot study or cast Ice magic.
You cannot study or cast Summoning magic.


Message History

Your shield and chain mail prevent you from hitting the flayed ghost.
The flayed ghost is moderately damaged.
The wraith hits you but does no damage. You block Josephine's attack.
The wraith hits you but does no damage.
You closely miss Josephine. Your headbutt misses Josephine.
Josephine is heavily wounded.
The wraith hits you.
* * * LOW HITPOINT WARNING * * *
You puncture Josephine!
Josephine is severely wounded.
Josephine is infused with unholy energy.
* * * LOW HITPOINT WARNING * * *
Josephine draws life force from you and is healed!
The wraith hits you but does no damage.
Unknown command.
You closely miss Josephine.
Josephine is severely wounded.
You block the wraith's attack.
Josephine is infused with unholy energy.
You die...

#.)#).......##
...'†........# .......
..)###.......## .......
..÷..###......# .......
.......##.....# .......
..####..##....#+ W.9....
.##..##..'.....#+ .R.....
.'...)[..#....W@##†9....#
.##..##..#....YW@W#
..####...##...#####
#.........##.##
##############


You could see Josephine, an elephant, a rakshasa, 3 wraiths and 2 molten
gargoyles.

Vanquished Creatures
  A black draconian (D)
  Erolcha (D)
  A death yak (D)
  A sea snake (D)
  A wolf spider (D)
  Joseph (D)
  A molten gargoyle (D)
  A gargoyle (D)
  A yaktaur (D)
  A demonic crawler (D)
  An efreet (D)
  A guardian mummy (D)
  A troll (D)
  A jumping spider (D)
  A polar bear (D)
  5 blink frogs (D)
  A ynoxinul (D)
  A wraith (D)
  A soldier ant (D)
  2 floating eyes (D)
  2 black bears (D)
  2 ice beasts (D)
  An ogre (D)
  A necrophage (D)
  2 centaurs (D)
  A bullfrog (D)
  A hound (D)
  A jelly (D)
  A worker ant (D)
  An ufetubus (D)
  An adder simulacrum (D)
  An orc (D)
  A ball python (D)
  A bat skeleton (D)
  4 jackals (D)
  A frilled lizard (D)
  3 kobolds (D)
50 creatures vanquished.

Notes
Turn   | Place    | Note
-------+----------+-------------------------------------------
     0 | D        | jfcaron the Minotaur Fighter began the quest for the Orb.
     0 | D        | Reached XP level 1. HP: 19/19 MP: 0/0
    29 | D        | Noticed a floating eye
    30 | D        | Paralysed by a floating eye for 2 turns
    35 | D        | Killed a floating eye
    35 | D        | Reached skill level 5 in Polearms
    35 | D        | Reached XP level 2. HP: 31/31 MP: 1/1
    35 | D        | Reached XP level 3. HP: 38/38 MP: 2/2
    35 | D        | Reached XP level 4. HP: 45/45 MP: 3/3
    92 | D        | Noticed an ice beast
    93 | D        | Noticed a floating eye
   112 | D        | Killed a floating eye
   112 | D        | Reached XP level 5. HP: 37/53 MP: 4/4
   115 | D        | Killed an ice beast
   115 | D        | Reached XP level 6. HP: 44/62 MP: 5/5
   276 | D        | Reached skill level 10 in Polearms
   276 | D        | Reached skill level 10 in Shields
   276 | D        | Reached XP level 7. HP: 68/70 MP: 6/6
   350 | D        | Found a bloodstained altar of Trog.
   350 | D        | Found a shimmering blue altar of Sif Muna.
   350 | D        | Found a viscous altar of Jiyva.
   350 | D        | Found a hazy altar of Hepliaklqana.
   350 | D        | Found an opulent altar of Gozag.
   351 | D        | Found a glowing golden altar of the Shining One.
   351 | D        | Found a glowing silver altar of Zin.
   351 | D        | Found a basalt altar of Yredelemnul.
   351 | D        | Found a shimmering altar of Xom.
   351 | D        | Found an ornate altar of the Wu Jian Council.
   351 | D        | Found a sacrificial altar of Ru.
   351 | D        | Found a stormy altar of Qazlal.
   351 | D        | Found an iron altar of Okawaru.
   351 | D        | Found a sparkling altar of Nemelex Xobeh.
   351 | D        | Found a burning altar of Makhleb.
   351 | D        | Found a blossoming altar of Fedhas.
   351 | D        | Found a white marble altar of Elyvilon.
   351 | D        | Found a shadowy altar of Dithmenos.
   351 | D        | Found a snail-covered altar of Cheibriados.
   352 | D        | Found a radiant altar of Vehumet.
   352 | D        | Found a corrupted altar of Lugonu.
   352 | D        | Found a roughly hewn altar of Beogh.
   353 | D        | Found a hide-covered altar of Uskayaw.
   353 | D        | Found an ancient bone altar of Kikubaaqudgha.
   353 | D        | Found a broken altar of Ashenzari.
   361 | D        | Became a worshipper of Ru the Awakened
   379 | D        | Noticed Joseph
   379 | D        | Noticed a gargoyle
   402 | D        | Killed a gargoyle
   402 | D        | Reached skill level 10 in Fighting
   402 | D        | Reached skill level 10 in Armour
   410 | D        | Killed Joseph
   410 | D        | Reached XP level 8. HP: 78/80 MP: 7/7
   540 | D        | Noticed a blink frog
   540 | D        | Noticed a blink frog
   540 | D        | Noticed a jumping spider
   541 | D        | Noticed a blink frog
   542 | D        | Noticed a blink frog
   543 | D        | Noticed a blink frog
   562 | D        | Killed a blink frog
   572 | D        | Killed a jumping spider
   866 | D        | Killed a blink frog
   877 | D        | Gained mutation: You cannot read scrolls while threatened.
                  | [Ru sacrifice]
   877 | D        | Reached * piety under Ru
   879 | D        | Killed a blink frog
   883 | D        | Killed a blink frog
   883 | D        | Reached XP level 9. HP: 70/89 MP: 8/8
   978 | D        | Noticed a molten gargoyle
  1008 | D        | Killed a molten gargoyle
  1054 | D        | Noticed a demonic crawler
  1054 | D        | Noticed Erolcha
  1073 | D        | Killed a demonic crawler
  1081 | D        | Killed Erolcha
  1081 | D        | Reached skill level 15 in Shields
  1134 | D        | Noticed a sea snake
  1153 | D        | Killed a sea snake
  1153 | D        | Reached XP level 10. HP: 44/101 MP: 9/9
  1374 | D        | Noticed a wolf spider
  1381 | D        | Killed a wolf spider
  1545 | D        | Noticed a black draconian
  1563 | D        | Noticed a death yak
  1570 | D        | Gained mutation: You cannot study or cast Ice magic. [Ru
                  | sacrifice]
  1570 | D        | Gained mutation: You cannot study or cast Hexes magic. [Ru
                  | sacrifice]
  1570 | D        | Gained mutation: You cannot study or cast Summoning magic.
                  | [Ru sacrifice]
  1570 | D        | Reached ** piety under Ru
  1575 | D        | Killed a black draconian
  1575 | D        | Reached skill level 15 in Fighting
  1575 | D        | Reached skill level 15 in Armour
  1582 | D        | Killed a death yak
  1996 | D        | Noticed Josephine
  1996 | D        | Noticed an elephant
  1996 | D        | Noticed a rakshasa
  1996 | D        | Noticed a flayed ghost
  2009 | D        | Noticed a molten gargoyle
  2013 | D        | Reached XP level 11. HP: 69/116 MP: 10/10
  2036 | D        | HP: 28/174 [flayed ghost/flay_damage (15)]
  2036 | D        | Noticed a sea snake
  2039 | D        | HP: 12/174 [Josephine/vampiric draining (10)]
  2040 | D        | Killed from afar by Josephine

Illustrated notes

Levels and vault maps discovered:
D:        pitsprint [storerooms_1, entrance_room_1, metal_vault_7, armoury_3,
          mini_pit_1, grid_room_1, main_hall_1, silver_pit, the_coven_3,
          the_vestibule_1, steel_vault_5, golden_pit, hallway_of_sentries,
          crystal_vault_5, iron_vault_5, final_vault]

Skill      XL: |  1  2  3  4  5  6  7  8  9 10 |
---------------+-------------------------------+-----
Fighting       | 6 7 8 9 10 11 13 16 | 16.7
Armour         | 6 7 8 9 10 11 13 16 | 16.7
Shields        | 6 7 8 10 12 13 15 | 15.0
Polearms       | 5 7 8 10 11 13 14 | 14.0

Action                   |  1- 3 |  4- 6 |  7- 9 | 10-12 || total
-------------------------+-------+-------+-------+-------++-------
Melee: Trident           |     6 |    43 |   110 |   114 ||   273
       Headbutt          |     3 |     9 |    20 |    31 ||    63
Throw: Stone             |       |       |     6 |       ||     6
Invok: Sacrifice Words   |       |       |     1 |       ||     1
       Sacrifice Arcana  |       |       |       |     1 ||     1
  Use: Potion            |       |       |     3 |     4 ||     7
Armor: Scale mail        |     5 |     8 |       |       ||    13
       Chain mail        |       |     6 |    40 |    25 ||    71
Dodge: Dodged            |       |    12 |    14 |    11 ||    37
Block: Kite shield       |     2 |    14 |    52 |    35 ||   103

Table legend: (Time is in decaauts)
 A = Elapsed time spent in this place.
 B = Non-inter-level travel time spent in this place.
 C = Inter-level travel time spent in this place.
 D = Time resting spent in this place.
 E = Time spent auto-exploring this place.
 F = Levels seen in this place.
 G = Mean time per level.
                   A        B        C        D        E       F      G
               +--------+--------+--------+--------+--------+-----+--------+
         Total |   1972 |   1935 |     37 |   1347 |      0 |   1 | 1972.0 |
       Dungeon |   1972 |   1935 |     37 |   1347 |      0 |   1 | 1972.0 |
               +--------+--------+--------+--------+--------+-----+--------+

Top non-repeatable levels by time:
       D: 1972 daAuts
